 Dungeon Crawl Stone Soup version 0.25-a0-1056-g2efb326896 (webtiles) character file.

Game seed: 11479317576747222275, levelgen mode: classic

403 Amnesiac the Skirmisher (level 6, -7/67 HPs)
             Began as an Ogre Berserker on May 13, 2020.
             Was a Priest of Trog.
             Mangled by an ice beast (13 damage)
             ... on level 4 of the Dungeon.
             The game lasted 00:05:52 (3958 turns).

Amnesiac the Skirmisher (Ogre Berserker)            Turns: 3958, Time: 00:05:53

Health: -7/67      AC:  3    Str: 24    XL:     6   Next: 86%
Magic:  6/6        EV: 10    Int:  8    God:    Trog [***...]
Gold:   200        SH:  0    Dex:  8    Spells: 5/5 levels left

rFire    . . .     SeeInvis .   a - +0 dagger (venom)
rCold    . . .     Gourm    .   (no shield)
rNeg     . . .     Faith    .   e - +0 animal skin
rPois    .         Spirit   .   (helmet restricted)
rElec    .         Reflect  .   (no cloak)
rCorr    .         Harm     .   (gloves unavailable)
MR       .....                  (boots unavailable)
Stlth    +.........             (no amulet)
HPRegen  0.21/turn              (no ring)
MPRegen  0.10/turn              (no ring)

@: no status effects
A: large, unfitting armour, tough skin 1
a: Berserk, Trog's Hand, Renounce Religion


You were on level 4 of the Dungeon.
You worshipped Trog.
Trog was most pleased with you.
You were very hungry.

You visited 1 branch of the dungeon, and saw 4 of its levels.

You collected 200 gold pieces.

Inventory:

Hand Weapons
 a - a +0 dagger of venom (weapon)
 b - a +3 dagger
 o - a cursed -3 hand axe
Missiles
 u - 46 stones (quivered)
Armour
 e - a +0 animal skin (worn)
 r - a +0 cloak
Jewellery
 v - an uncursed ring of protection from fire {unknown}
Wands
 w - a wand of acid (4)
Scrolls
 d - 2 scrolls of magic mapping {!r, unknown}
 f - a scroll of teleportation {!r, unknown}
 h - 3 scrolls of identify {!r, unknown}
 i - 4 scrolls of remove curse {!r, unknown}
 j - 2 scrolls of random uselessness {!r, unknown}
 n - 2 scrolls of enchant armour {!r, unknown}
 t - 2 scrolls of enchant weapon {!r, unknown}
 x - a scroll of immolation {!r, unknown}
 y - a scroll of fear {!r, unknown}
Potions
 g - 2 potions of curing {!q, unknown}
 k - a potion of brilliance {!q, unknown}
 l - 2 potions of ambrosia {!q, unknown}
 m - a potion of degeneration {!q, unknown}
 p - 3 potions of lignification {!q, unknown}
 q - a potion of mutation {!q, unknown}
 s - a potion of heal wounds {!q, unknown}
Comestibles
 c - 2 rations


   Skills:
 + Level 6.0 Fighting
 * Level 6.0 Short Blades
 - Level 2.6 Dodging
 + Level 0.4 Evocations


You had 5 spell levels left.
You didn't know any spells.
Your spell library was empty.

Dungeon Overview and Level Annotations

Branches:
Dungeon (4/15)
 Temple: D:4-7

Altars:
Hepliaklqana
Nemelex Xobeh
Uskayaw

Annotations:
D:4 1 runed translucent door, Crazy Yiuf


Innate Abilities, Weirdness & Mutations

You are too large for most types of armour.
You have tough skin. (AC +1)


Message History

You are feeling very hungry.
Found an escape hatch in the floor.
Key pressed, stopping explore.
As you open the door, it creaks loudly!
There is an open door here.
An ice beast comes into view.
An ice beast is nearby!
An ice beast is nearby!
An ice beast is nearby!
Quiver which item? (- for none, * to show all) (? for menu, Esc to quit)
Okay, then.
Evoke which item? (* to show all) (? for menu, Esc to quit)
Okay, then.
Found a stone staircase leading down.
Evoke which item? (* to show all) (? for menu, Esc to quit)
Aiming: Corrosive Bolt
Press: ? - help, Shift-Dir - straight line, f - ice beast
Aim: an ice beast The bolt of acid hits the ice beast!
The ice beast is splashed with acid.
The acid corrodes the ice beast!
The ice beast is heavily wounded.
You hit the ice beast.
The ice beast is severely wounded.
The ice beast hits you. The ice beast freezes you!
You barely miss the ice beast.
The ice beast is severely wounded.
The ice beast hits you. The ice beast freezes you!
You hit the ice beast.
The ice beast is poisoned.
The ice beast is severely wounded.
You hit the ice beast.
The ice beast is almost dead.
The ice beast hits you but does no damage.
You closely miss the ice beast.
The ice beast is almost dead.
The ice beast hits you. The ice beast freezes you!
* * * LOW HITPOINT WARNING * * *
You barely miss the ice beast.
The ice beast is almost dead.
You closely miss the ice beast.
The ice beast is almost dead.
The ice beast barely misses you.
You barely miss the ice beast.
The ice beast is almost dead.
The ice beast hits you but does no damage.
You closely miss the ice beast.
The ice beast is almost dead.
You closely miss the ice beast.
The ice beast is almost dead.
The ice beast hits you.
* * * LOW HITPOINT WARNING * * *
The ice beast freezes you.
* * * LOW HITPOINT WARNING * * *
You hit the ice beast but do no damage.
The ice beast is almost dead.
The ice beast hits you.
* * * LOW HITPOINT WARNING * * *
The ice beast freezes you!
* * * LOW HITPOINT WARNING * * *
You barely miss the ice beast.
The ice beast is almost dead.
The ice beast hits you.
* * * LOW HITPOINT WARNING * * *
The ice beast freezes you!
You die...

#. ####. ##.
###...> ...
#.....# #.
#.....#######
#.
#.....#......
##
#.?...#......
#....Y#......
#....@.......
#......##+###
+#######
#......##.###
........
#......'....#
########
#......######
# #...>..#
### #######
#......# #.#
#......
#...#### #.#
#.####. #...#
#.####.####.


You could see an ice beast (poisoned, corroded).

Vanquished Creatures
  A howler monkey (D:4)
  An orc priest (D:3)
  A bullfrog skeleton (D:4)
  2 orc wizards (D:3)
  2 worker ants (D:4)
  Robin (D:2)
  4 adders
  6 gnolls
  An ooze (D:4)
  3 worms (D:2)
  A dart slug (D:4)
  A leopard gecko (D:2)
  3 orcs (D:3)
  10 bats
  4 giant cockroaches
  13 goblins
  5 hobgoblins
  3 jackals (D:4)
  6 kobolds
  5 quokkas
  2 ball pythons
  7 frilled lizards (D:2)
  9 rats
91 creatures vanquished.

Notes
Turn   | Place    | Note
-------+----------+-------------------------------------------
     0 | D:1      | Amnesiac the Ogre Berserker began the quest for the Orb.
     0 | D:1      | Reached XP level 1. HP: 24/24 MP: 1/1
   156 | D:1      | Reached XP level 2. HP: 31/32 MP: 2/2
   641 | D:1      | Found a sparkling altar of Nemelex Xobeh.
   728 | D:1      | Reached XP level 3. HP: 38/39 MP: 3/3
   966 | D:2      | Reached ** piety under Trog
  1010 | D:3      | Reached XP level 4. HP: 49/49 MP: 4/4
  1255 | D:2      | Noticed Robin
  1273 | D:2      | Killed Robin
  1317 | D:2      | Reached XP level 5. HP: 16/55 MP: 5/5
  1386 | D:2      | Found a hazy altar of Hepliaklqana.
  1559 | D:2      | Reached skill level 5 in Fighting
  1559 | D:2      | Reached skill level 5 in Short Blades
  2010 | D:3      | Reached *** piety under Trog
  2204 | D:3      | Reached XP level 6. HP: 36/66 MP: 6/6
  2524 | D:3      | Found a hide-covered altar of Uskayaw.
  3831 | D:4      | Found a runed translucent door.
  3832 | D:4      | Noticed Crazy Yiuf
  3943 | D:4      | Noticed an ice beast
  3958 | D:4      | Mangled by an ice beast

Illustrated notes

Levels and vault maps discovered:
D:1:      dpeg_arrival_lava_temple_mockup, layout_basic,
          nemelex_xobeh_ov_fountains_minmay
D:2:      layout_basic, nicolae_overflow_crystal_walls, minmay_lizard_pond,
          uniq_robin
D:3:      layout_basic, overflow_temple_1_default, serial_bayou_crossing
D:4:      layout_basic, first_ration, uniq_crazy_yiuf_cottage

Skill      XL: |  1  2  3  4  5  6 |
---------------+-------------------+-----
Short Blades   | 3 4 5 6 |  6.0
Fighting       | 5 6 |  6.0
Dodging        | |  2.6
Evocations     | |  0.4

Action                   |  1- 3 |  4- 6 || total
-------------------------+-------+-------++-------
Melee: Short sword       |    35 |       ||    35
       Dagger            |    69 |   268 ||   337
Throw: Stone             |    70 |    61 ||   131
Invok: Berserk           |     1 |       ||     1
Evoke: Wand              |       |     1 ||     1
  Eat: Chunk             |       |    10 ||    10
Armor: Animal skin       |    30 |    38 ||    68
Dodge: Dodged            |    32 |    98 ||   130

Table legend:
 A = Non-vault XP
 B = Vault XP
 C = Vault XP percentage of total XP
 D = Non-vault monster count
 E = Vault monster count
 F = Vault count percentage of total count
                 A         B        C        D         E       F
            +---------+---------+-------+---------+---------+-------
      Total |     544 |      33 |   5.7 |      78 |      13 |  14.3
            +---------+---------+-------+---------+---------+-------
        D:1 |      35 |       0 |   0.0 |      22 |       0 |   0.0
        D:2 |     128 |      33 |  20.5 |      28 |      13 |  31.7
        D:3 |     183 |       0 |   0.0 |      17 |       0 |   0.0
        D:4 |     198 |       0 |   0.0 |      11 |       0 |   0.0
            +---------+---------+-------+---------+---------+-------
